 Dungeon Crawl Stone Soup version 0.26.1-16-g4e020e15dc (webtiles) character file.

Game seed: 16587082297509885155

149 phiIosophr the Skirmisher (level 5, -6/48 HPs)
             Began as a Palentonga Fighter on Jan 17, 2024.
             Mangled by an iguana (10 damage)
             ... on level 4 of the Dungeon on Feb 15, 2024.
             The game lasted 00:16:32 (3498 turns).

phiIosophr the Skirmisher (Palentonga Fighter)      Turns: 3498, Time: 00:16:33

Health: -6/48      AC:  6    Str: 20    XL:     5   Next: 9%
Magic:  5/5        EV:  5    Int:  9    God:
Gold:   192        SH:  9    Dex:  9    Spells: 4/4 levels left

rFire    . . .     SeeInvis +   a - +0 long sword
rCold    . . .     Faith    .   c - +0 kite shield
rNeg     . . .     Spirit   .   m - +0 scale mail (curse)
rPois    .         Reflect  .   (no helmet)
rElec    .         Harm     .   (no cloak)
rCorr    .         Rampage  .   (no gloves)
Will     .....                  (no barding)
Stlth    ..........             (no amulet)
HPRegen  0.16/turn              g - ring of wizardry
MPRegen  0.09/turn              (no ring)

@: no status effects
A: large, rugged brown scales 3, see invisible, deformed body, roll 1, armoured
tail
a: Rolling Charge


You were on level 4 of the Dungeon.
You visited 1 branch of the dungeon, and saw 4 of its levels.

You collected 192 gold pieces.

Inventory:

Hand Weapons
 a - a +0 long sword (weapon)
Armour
 b - a +0 scale mail
 c - a +0 kite shield (worn)
 m - a cursed +0 scale mail (worn)
Jewellery
 g - a ring of wizardry (left hand)
Scrolls
 i - a scroll of teleportation
 l - a scroll of remove curse {unknown}
 n - a scroll of fear {unknown}
Potions
 d - 2 potions of might
 e - a potion of degeneration {unknown}
 f - a potion of berserk rage {unknown}
 h - a potion of flight {unknown}
 j - 4 potions of curing {unknown}
 k - a potion of heal wounds {unknown}


   Skills:
 + Level 3.5 Fighting
 * Level 3.4 Long Blades
 + Level 3.0 Armour
 * Level 3.3 Shields


You had 4 spell levels left.
You didn't know any spells.
Your spell library contained the following spells:

 Spells                   Type           Power        Failure   Level
 Beastly Appendage        Tmut           0%           80%         1
 Wereblood                Tmut           0%           90%         2
 Spider Form              Tmut/Pois      0%           98%         3
 Ice Form                 Ice/Tmut       0%           100%        4
 Blade Hands              Tmut           0%           100%        5


Dungeon Overview and Level Annotations

Branches:
Dungeon (4/15)
 Temple: D:4-7

Altars:


Innate Abilities, Weirdness & Mutations

You are completely covered in rugged brown scales. (AC +3, +7% HP)
You have supernaturally acute eyesight. (SInv)
Armour fits poorly on your strangely shaped body.
You can roll at nearby foes to attack.
You have a long armoured tail.


Message History

There is a stone staircase leading down here.
You closely miss the iguana.
The iguana is severely wounded.
The iguana bites you.
* * * LOW HITPOINT WARNING * * *
You barely miss the iguana.
The iguana is severely wounded.
The iguana bites you.
* * * LOW HITPOINT WARNING * * *
The iguana barely misses you.
You hit the iguana but do no damage.
The iguana is severely wounded.
The iguana bites you but does no damage.
You hit the iguana.
The iguana is severely wounded.
The iguana bites you.
* * * LOW HITPOINT WARNING * * *
There is a stone staircase leading down here.
The iguana bites you!
You die...

#.....## #......#
###############.......
#.........≈≈≈≈≈≈≈....#
#>#####.###.)...#...##
#####.# #.# #.≈...##.##
#.....# #.####..≈###.#
#.##..#####..####.###..#
#....†..l@............##
#..#########.######.#.#
#..# .....#.# #.#.# #..#
...##.# #.#.#
#..#####.##..# #.#.#
#......#'#...# #.#.#
#..##........#+ #.#.#
##.###...†....## #.#.#
#.# #.........####.#.#


You could see an iguana.

Vanquished Creatures
  A gnoll (D:1)
  4 adders
  3 oozes
  2 worms (D:2)
  4 dart slugs (D:1)
  5 leopard geckos
  5 giant cockroaches
  6 goblins
  7 hobgoblins
  11 jackals
  A quokka (D:2)
  7 bats
  5 frilled lizards
  A jackal skeleton (D:4)
  3 kobolds (D:1)
  7 rats
72 creatures vanquished.

Notes
Turn   | Place    | Note
-------+----------+-------------------------------------------
     0 | D:1      | phiIosophr the Palentonga Fighter began the quest for the
                  | Orb.
     0 | D:1      | Reached XP level 1. HP: 20/20 MP: 1/1
   212 | D:1      | Reached XP level 2. HP: 4/27 MP: 2/2
   892 | D:1      | You fall into a shaft and drop 1 floor!
  1071 | D:1      | Reached XP level 3. HP: 26/33 MP: 3/3
  1650 | D:2      | Reached XP level 4. HP: 12/40 MP: 4/4
  3403 | D:4      | Reached XP level 5. HP: 45/48 MP: 5/5
  3498 | D:4      | Mangled by an iguana

Illustrated notes

Levels and vault maps discovered:
D:1:      dpeg_arrival_ternary, layout_rooms, chequers_arboretum,
          chequers_serial_rivers_large_b, serial_bayou_lagoon_a,
          minmay_misc_feat_encased, kennysheep_doodads, grunt_decor_clamped,
          corexii_corridor_pit, chequers_big_river
D:2:      layout_basic
D:3:      layout_rooms
D:4:      cheibrodos_greedy_goblins, layout_loops_ring, serial_rivers,
          chequers_serial_rivers_room_b, chequers_serial_rivers_micro_e,
          chequers_serial_rivers_small_b, chequers_serial_rivers_micro_b,
          serial_shops, nicolae_shop_behind_doors, kennysheep_flooded_box,
          st_stairs_7, minmay_pentangle

Skill      XL: |  1  2  3  4 |
---------------+-------------+-----
Shields        | 3 |  3.3
Long Blades    | 3 |  3.4
Armour         | 3 |  3.0
Fighting       | |  3.5

Action                   |  1- 3 |  4- 6 || total
-------------------------+-------+-------++-------
Melee: Long sword        |   111 |   105 ||   216
       Tailslap          |    14 |     5 ||    19
 Abil: Rolling Charge    |     2 |       ||     2
  Use: Scroll            |       |     4 ||     4
Armor: Scale mail        |    65 |    55 ||   120
Dodge: Dodged            |    30 |    39 ||    69
Block: Kite shield       |    55 |    47 ||   102
       Rpst.: Long sword |    12 |    15 ||    27
